 Dungeon Crawl Stone Soup version 0.23.1 (webtiles) character file.

Game seed: 739867977269201164

347 Irenicus the Chopper (level 6, 0/52 HPs)
             Began as a Deep Dwarf Gladiator on Mar 18, 2019.
             Slain by an orc
             ... wielding a +0 trident
              (6 damage)
             ... on level 3 of the Dungeon.
             The game lasted 00:11:50 (1652 turns).

Irenicus the Chopper (Deep Dwarf Gladiator)         Turns: 1652, Time: 00:11:51

Health: 0/52       AC:  6    Str: 26    XL:     6   Next: 33%
Magic:  6/6        EV: 13    Int: 12    God:
Gold:   161        SH:  4    Dex: 16    Spells: 5/5 levels left

rFire    . . .     SeeInvis .   r - +6 spear "Fexyp" {pain, rC+ Str+4 Int+3}
rCold    + . .     Gourm    .   k - +0 buckler of Qankeem {*Corrode rPois rN+++ Str+5}
rNeg     + + +     Faith    .   b - +0 leather armour
rPois    +         Spirit   .   c - +0 helmet
rElec    .         Reflect  .   (no cloak)
rCorr    .         Harm     .   t - +0 pair of gloves
MR       .....                  w - +0 pair of boots
Stlth    ..........             (no amulet)
HPRegen  0.00/turn              n - ring of attention
MPRegen  0.10/turn              (no ring)

@: non-regenerating, studying Bows
A: damage resistance, heal wounds, sense surroundings 1, no regeneration
a: Heal Wounds


You were on level 3 of the Dungeon.
You were not hungry.

You visited 1 branch of the dungeon, and saw 3 of its levels.

You collected 161 gold pieces.

Inventory:

Hand Weapons
 a - a +0 war axe
 p - a cursed -3 hunting sling
   (You found it on level 2 of the Dungeon)
 r - the +6 spear "Fexyp" (weapon) {pain, rC+ Str+4 Int+3}
   (You took it off a gnoll sergeant on level 3 of the Dungeon)

   In the hands of one skilled in necromantic magic, it inflicts extra damage on
   living creatures.
   It affects your strength (+4).
   It affects your intelligence (+3).
   It protects you from cold.
 x - a +1 hand axe of freezing
   (You took it off an orc on level 3 of the Dungeon)
Missiles
 d - 5 throwing nets {=f, !d}
Armour
 b - a +0 leather armour (worn)
 c - a +0 helmet (worn)
 k - the +0 buckler of Qankeem (worn) {*Corrode rPois rN+++ Str+5}
   (You took it off a gnoll sergeant on level 3 of the Dungeon)

   It affects your strength (+5).
   It protects you from poison.
   It renders you almost immune to negative energy.
   It may corrode you when you take damage.
 t - a +0 pair of gloves (worn)
   (You found it on level 3 of the Dungeon)
 w - a +0 pair of boots (worn)
   (You found it on level 3 of the Dungeon)
Jewellery
 n - a ring of attention (left hand)
   (You found it on level 2 of the Dungeon)
Wands
 q - a wand of disintegration (21)
   (You found it on level 2 of the Dungeon)
 s - a wand of flame (12)
   (You took it off a gnoll on level 3 of the Dungeon)
Scrolls
 i - 2 scrolls of fear
 l - a scroll of immolation {!r}
 o - a scroll of remove curse
Potions
 e - 2 potions of agility {unknown}
 g - 2 potions of brilliance
 j - a potion of curing
 m - a potion of ambrosia {unknown}
Books
 u - a manual of Bows {!d}
   (You found it on level 3 of the Dungeon)
Comestibles
 f - 7 rations


   Skills:
 - Level 1.7 Fighting
 - Level 6.5(7.0) Axes
 - Level 3.0(4.6) Polearms
 - Level 1.7 Throwing
 - Level 3.2 Dodging
 + Level 1.3 Shields


You had 5 spell levels left.
You didn't know any spells.
Your spell library was empty.

Dungeon Overview and Level Annotations

Branches:
Dungeon (3/15)

Altars:

Annotations:
D:3 1 transporter


Innate Abilities, Weirdness & Mutations

You are resistant to damage.
You can heal yourself by infusing magical energy.
You passively map a small area around you.
You do not regenerate.


Message History

Aim: a worker ant zombie (heavily damaged)
You hit the worker ant zombie.
The worker ant zombie bites you but does no damage.
You are feeling very hungry.
You barely miss the worker ant zombie.
The worker ant zombie closely misses you.
You barely miss the worker ant zombie.
The worker ant zombie closely misses you.
You puncture the worker ant zombie!
The worker ant zombie bites you but does no damage.
You hit the worker ant zombie.
You block the worker ant zombie's attack.
You barely miss the worker ant zombie. You hit the worker ant zombie.
You destroy the worker ant zombie!
Your Shields skill increases to level 1!
A giant cockroach comes into view.
Attack whom?
Aim: a giant cockroach (clinging)
You hit the giant cockroach.
You kill the giant cockroach!
It was a potion of flight.
You feel very buoyant.
You fly up into the air.
You see here 17 arrows.
A kobold comes into view.
You puncture the kobold!
You kill the kobold!
You are starting to lose your buoyancy.
You float gracefully downwards.
The jackal barks!
A goblin comes into view. It is wielding a +0 dagger.
The goblin shouts!
You hear a shout!
Found a stone staircase leading down.
Attack whom?
Aim: a goblin, wielding a +0 dagger You reach to attack!
You hit the goblin.
You kill the goblin!
e - 2 metallic white potions You now have 157 gold pieces (gained 13).
You see here a +0 dagger.
There isn't anything to butcher here.
You now have 161 gold pieces (gained 4).
You see here 5 javelins.
Put on which piece of jewellery? (? for menu, Esc to quit)
Okay, then.
You are near starving!
An orc comes into view.
It is wielding a +1 hand axe of freezing.
The orc shouts!
Attack whom?
Aim: an orc, wielding a +1 hand axe of freezing You reach to attack!
You barely miss the orc.
Attack whom?
Aim: an orc, wielding a +1 hand axe of freezing You hit the orc.
The orc hits you but does no damage.
Attack whom?
Aim: an orc, wielding a +1 hand axe of freezing (almost dead)
You closely miss the orc. The orc closely misses you.
Attack whom?
Aim: an orc, wielding a +1 hand axe of freezing (almost dead)
You hit the orc.
You kill the orc!
Things that are here:
a +1 hand axe of freezing; an orc corpse
x - a +1 hand axe of freezing You butcher the orc corpse.
Things that are here:
4 chunks of flesh {@w0}; an orc skeleton Eating one of 4 chunks of flesh {@w0}.
You eat one of the 4 chunks of flesh {@w0}.
You are feeling hungry.
Eating one of 3 chunks of flesh {@w0}.
You eat one of the 3 chunks of flesh {@w0}.
Drop what? 24/52 slots (_ for help) (? for menu, Esc to quit)
Okay, then.
Unknown command.
As you read the scroll of remove curse, it crumbles to dust.
You feel as if something is helping you.
Drop what? 24/52 slots (_ for help) (? for menu, Esc to quit)
You drop a ring mail.
You drop an uncursed amulet of guardian spirit {Spirit}.
A ball python comes into view.
You puncture the ball python!
You kill the ball python! 3 orcs come into view.
The orc shouts! x2
You see here a ball python corpse.
An orc priest comes into view. It is wielding a +0 spear.
The orc priest moves out of view.
You closely miss the orc. The orc completely misses you.
Attack whom?
Aim: an orc, wielding a +0 trident The orc is in the way.
You puncture the orc!
You kill the orc!
Attack whom?
Aim: an orc, wielding a +0 trident The orc is in the way.
You puncture the orc!
You kill the orc!
The orc hits you from afar with a +0 trident!
You die...

###.# #.# #.# ##..# #.# . #.#
#.##.# #.# #...# ##.## *. ###.#
#.##.# #.# #...# #...# .
..#.###.##.#####.###..####.#.###.
#..........................#...#.
###.###.##.#####.##..###.#####...
#.# #.##.#####†#...# #...#...##
#.###(##.>.........#####.#.####
#...........o)@................
#####.####.###....#############
#######........<...##
.......(...........#
####################


You could see an orc.

Vanquished Creatures
  The ghost of Sassenached the Grave Robber, an amateur DsNe (D:3)
  A gnoll sergeant (D:3)
  A gnoll shaman (D:3)
  A worker ant (D:3)
  A worker ant zombie (D:3)
  5 gnolls (D:3)
  2 adders
  3 oozes
  2 dart slugs
  A leopard gecko (D:1)
  3 orcs (D:3)
  A ball python (D:3)
  7 bats
  3 giant cockroaches (D:3)
  10 goblins
  4 hobgoblins
  3 jackals (D:3)
  A quokka (D:2)
  3 frilled lizards
  6 kobolds
  5 rats
64 creatures vanquished.

Notes
Turn   | Place    | Note
-------+----------+-------------------------------------------
     0 | D:1      | Irenicus the Deep Dwarf Gladiator began the quest for the
                  | Orb.
     0 | D:1      | Reached XP level 1. HP: 19/19 MP: 1/1
    70 | D:1      | Reached skill level 4 in Axes
    70 | D:1      | Reached XP level 2. HP: 23/26 MP: 2/2
   368 | D:1      | Reached XP level 3. HP: 17/32 MP: 3/3
   532 | D:2      | Reached skill level 5 in Axes
   939 | D:3      | Reached XP level 4. HP: 14/39 MP: 4/4
   961 | D:3      | Identified the +6 spear "Fexyp" {pain, rC+ Str+4 Int+3}
   961 | D:3      | Identified the cursed +0 buckler of Qankeem {*Corrode rPois
                  | rN+++ Str+5}
   961 | D:3      | Noticed a gnoll sergeant
   974 | D:3      | HP: 8/39 [worker ant (3)]
   998 | D:3      | Found a transporter.
  1004 | D:3      | Found a transporter.
  1024 | D:3      | HP: 5/39 [gnoll sergeant/the +6 spear "Fexyp" {pain, rC+
                  | Str+4 Int+3} (5)]
  1035 | D:3      | Killed a gnoll sergeant
  1035 | D:3      | Reached skill level 6 in Axes
  1035 | D:3      | Reached XP level 5. HP: 23/45 MP: 5/5
  1053 | D:3      | Noticed Sassenached's ghost (amateur DsNe)
  1064 | D:3      | Reached skill level 1 in Polearms
  1077 | D:3      | Reached skill level 2 in Polearms
  1086 | D:3      | HP: 7/45 [Sassenached's ghost/nerve-wracking pain (10)]
  1087 | D:3      | Killed Sassenached's ghost
  1087 | D:3      | Reached skill level 3 in Polearms
  1087 | D:3      | Reached XP level 6. HP: 8/52 MP: 6/6
  1222 | D:2      | HP: 6/52 [rat (2)]
  1429 | D:3      | Reached skill level 1 in Shields
  1652 | D:3      | Slain by an orc

Skill      XL: |  1  2  3  4  5  6 |
---------------+-------------------+-----
Axes           | 4 5 6 |  6.5
Polearms       | 3 |  3.0
Shields        | 1 |  1.3
Fighting       | |  1.7
Throwing       | |  1.7
Dodging        | |  3.2

Action                   |  1- 3 |  4- 6 || total
-------------------------+-------+-------++-------
Melee: War axe           |   131 |    30 ||   161
       Spear             |       |    58 ||    58
 Abil: Heal Wounds       |       |     1 ||     1
  Use: Potion            |       |     5 ||     5
       Scroll            |       |     6 ||     6
 Stab: Invisible         |       |     3 ||     3
       Sleeping          |       |     1 ||     1
  Eat: Chunk             |       |     3 ||     3
Armor: Leather armour    |    48 |    16 ||    64
Dodge: Dodged            |   113 |    49 ||   162
Block: Buckler           |       |     1 ||     1

Levels and vault maps discovered:
D:1:      minmay_arrival_doors, layout_loops_ring, st_stairs_7
D:2:      layout_basic
D:3:      layout_loops_ring, gammafunk_ghost_gnarly_gnolls

Table legend:
 A = Turns spent in this place as a percentage of turns spent in the entire game.
 B = Non-inter-level travel turns spent in this place as a percentage of non-inter-level travel turns spent in the entire game.
 C = Inter-level travel turns spent in this place as a percentage of turns spent in this place.
 D = Turns resting spent in this place as a percentage of non-inter-level travel turns spent in this place.
 E = Turns spent auto-exploring this place as a percentage of non-inter-level travel turns spent in this place.
 F = Non-inter-level travel turns spent in this place divided by the number of levels of this place that you've seen.
                   A       B       C       D       E      F
               +-------+-------+-------+-------+-------+----------------------
         Total | 100.0 | 100.0 |   0.0 |   0.0 |   0.0 | 550.7
       Dungeon | 100.0 | 100.0 |   0.0 |   0.0 |   0.0 | 550.7
               +-------+-------+-------+-------+-------+----------------------

Table legend:
 A = Kills in this place as a percentage of kills in entire the game.
 B = Kills by you in this place as a percentage of kills by you in the entire game.
 C = Kills by friends in this place as a percentage of kills by friends in the entire game.
 D = Other kills in this place as a percentage of other kills in the entire game.
 E = Experience gained in this place as a percentage of experience gained in the entire game.
 F = Experience gained in this place divided by the number of levels of this place that you have seen.
                   A       B       C       D       E      F
               +-------+-------+-------+-------+-------+----------------------
         Total | 100.0 | 100.0 |   N/A |   N/A | 100.0 | 165.7
       Dungeon | 100.0 | 100.0 |   N/A |   N/A | 100.0 | 165.7
               +-------+-------+-------+-------+-------+----------------------
